 Dungeon Crawl Stone Soup version 0.27-a0-333-gfa571bf19a (webtiles) character file.

Game seed: 9922849865397623080

253 inc the Conjurer (level 5, 21/21 HPs)
             Began as a Felid Conjurer on Feb 12, 2021.
             Was a Believer of Sif Muna.
             Quit the game on level 5 of the Dungeon.
             The game lasted 00:09:28 (7695 turns).

inc the Conjurer (Felid Conjurer)                   Turns: 7695, Time: 00:09:29

Health: 21/21      AC:  2    Str:  3    XL:     5   Next: 90%
Magic:  9/9        EV: 18    Int: 20    God:    Sif Muna [**....]
Gold:   251        SH:  0    Dex: 16    Spells: 1/8 levels left
                                        Lives:  0   Deaths: 2

rFire    . . .     SeeInvis +   (weapon unavailable)
rCold    . . .     Faith    .   (shield unavailable)
rNeg     . . .     Spirit   .   (armour unavailable)
rPois    .         Reflect  .   (helmet unavailable)
rElec    .         Harm     .   (cloak unavailable)
rCorr    .         Rampage  .   (gloves unavailable)
Will     .....                  (boots unavailable)
Stlth    +++.......             (no amulet)
HPRegen  0.07/turn              (no ring)
MPRegen  0.11/turn              (no ring)

@: quick
A: very small, no armour, no weapons or thrown items, stealth, claws 1, fangs 3,
see invisible, speed 1, shaggy fur 2, sharp paws
a: Renounce Religion, Channel Magic


You were on level 5 of the Dungeon.
You worshipped Sif Muna.
Sif Muna was pleased with you.
You visited 1 branch of the dungeon, and saw 5 of its levels.

You collected 251 gold pieces.

Inventory:

Jewellery
 l - a ring of poison resistance {unknown}
Wands
 k - a wand of random effects (7)
 r - a wand of acid (23)
Scrolls
 a - 7 scrolls of identify {unknown}
 b - 3 scrolls of teleportation {unknown}
 f - 2 scrolls of fear {unknown}
 j - 2 scrolls of magic mapping {unknown}
 n - a scroll of blinking {unknown}
 p - a scroll of immolation {unknown}
 t - a scroll of amnesia {unknown}
 u - a scroll of fog {unknown}
 v - 2 scrolls of enchant weapon {unknown}
 w - a scroll of vulnerability {unknown}
Potions
 c - a potion of attraction {unknown}
 d - 3 potions of heal wounds
 e - 2 potions of flight {unknown}
 g - a potion of berserk rage {unknown}
 h - a potion of resistance {unknown}
 i - 3 potions of brilliance {unknown}
 m - 2 potions of curing {unknown}
 o - a potion of haste {unknown}
 q - a potion of might {unknown}
 s - a potion of magic {unknown}
 x - a potion of degeneration {unknown}
 z - a potion of invisibility {unknown}


   Skills:
 - Level 2.6 Dodging
 - Level 2.6 Stealth
 - Level 2.0 Spellcasting
 + Level 7.8 Conjurations
 + Level 6.5 Hexes


You had one spell level left.
You knew the following spells:

 Your Spells              Type           Power        Failure   Level
a - Magic Dart            Conj           100%         1%          1
b - Searing Ray           Conj           66%          1%          2
c - Fulminant Prism       Conj/Hex       15%          9%          4

Your spell library contained the following spells:

 Spells                   Type           Power        Failure   Level
 Dazzling Flash           Conj/Hex       60%          2%          3
 Iskenderun's Mystic Bla  Conj/Tloc      17%          30%         4


Dungeon Overview and Level Annotations

Branches:
Dungeon (5/15)
 Temple: D:4-7

Altars:
Gozag
Okawaru
Sif Muna
Uskayaw
Vehumet
Wu Jian


Innate Abilities, Weirdness & Mutations

You cannot wear armour.
You are incapable of wielding weapons or throwing items.
Your paws allow you to move quietly. (Stealth)
You have sharp claws.
You have razor-sharp teeth.
You have supernaturally acute eyesight. (SInv)
You cover ground quickly.
You are covered in thick fur. (AC +2)
Your sharp claws are effective at attacking unaware monsters.


Message History

Unknown command.
The searing ray hits the quokka zombie.
You destroy the quokka zombie!
Sif Muna accepts your kill.
Found 11 gold pieces.
You now have 251 gold pieces (gained 11).
Found a leather armour.
A jelly comes into view.
Found an ornate altar of the Wu Jian Council.
A jelly is nearby!
The jelly quivers.
Casting: Searing Ray (safe; 1% risk of failure)
Confirm with . or Enter, or press ? or * to list all spells.
Aiming: Searing Ray (safe; 1% risk of failure)
Press: ? - help, Shift-Dir - straight line, f - jelly
Aim: a jelly (0% to evade)
The searing ray hits the jelly!
The jelly is heavily wounded. (Press . to maintain the ray.) Unknown command.
The searing ray hits the jelly!
You kill the jelly!
Sif Muna accepts your kill.
A centaur comes into view.
The centaur shouts!
The centaur wields a +0 shortbow.
The centaur shoots an arrow.
The arrow hits you!
Ouch! That really hurt!
Found a scale mail.
The centaur shoots an arrow.
The arrow closely misses you.
The centaur shoots an arrow.
The arrow completely misses you.
You see here a leather armour.
The centaur shoots an arrow.
The arrow hits you!
You die...
You are now level 5!
You rejoin the land of the living...
x - a bubbling pink potion
j - 2 scrolls labelled WOER YF IJENAPH (gained 1)
z - a fuming pink potion Are you sure you want to abandon this character and quit the game? (Confirm with "yes".)

........# #
..... #.##.###
........#
####.####.##.#..
........#
..........##.#.#
........#
.............#.#
........#
#####.......#.#
........#
#.###...#.#
(.......#
#.###.###.#
........#
#.#.......#
###.#.#.#
#@#.#.#####
.#...# #.#.#.#
.# ### #.#.#.# .
..#.#.#### #
###.#....#
#.####.# #.# #.#
#.# #.# #.# #.#


There were no monsters in sight!

Vanquished Creatures
  A sky beast (D:5)
  2 ogres
  A centaur zombie (D:5)
  2 hounds (D:5)
  A jelly (D:5)
  2 orc priests
  A centaur skeleton (D:4)
  Jessica (D:2)
  5 orc wizards
  3 worker ants (D:4)
  2 hound zombies (D:5)
  A hound skeleton (D:5)
  4 adders
  3 worms
  5 dart slugs
  3 leopard geckos
  15 orcs
  8 giant cockroaches
  10 goblins
  9 hobgoblins
  2 jackals (D:2)
  4 quokkas
  A ball python (D:1)
  3 bats
  9 frilled lizards
  8 kobolds
  A quokka zombie (D:5)
  8 rats
115 creatures vanquished.

Notes
Turn   | Place    | Note
-------+----------+-------------------------------------------
     0 | D:1      | inc the Felid Conjurer began the quest for the Orb.
     0 | D:1      | Reached XP level 1. HP: 7/7 MP: 4/4
     2 | D:1      | Noticed a naga
     2 | D:1      | Noticed a dwarf
     4 | D:1      | Noticed a halfling
     4 | D:1      | Noticed a gargoyle
     6 | D:1      | Noticed a felid
     6 | D:1      | Noticed a merfolk
     8 | D:1      | Noticed a troll
    10 | D:1      | Noticed a tengu
    10 | D:1      | Noticed a demigod
    12 | D:1      | Noticed a demonspawn
    14 | D:1      | Noticed a centaur
    16 | D:1      | Noticed an ogre
    16 | D:1      | Noticed a vampire
    18 | D:1      | Noticed a spriggan
    18 | D:1      | Noticed an elf
    20 | D:1      | Noticed a formicid
    20 | D:1      | Noticed a human
    22 | D:1      | Noticed a draconian
    22 | D:1      | Noticed a vine stalker
    24 | D:1      | Noticed a ghoul
    24 | D:1      | Noticed an octopode
    26 | D:1      | Noticed a minotaur
   176 | D:1      | Reached skill level 4 in Conjurations
   209 | D:1      | Reached XP level 2. HP: 9/11 MP: 1/6
  1317 | D:1      | Reached XP level 3. HP: 14/14 MP: 3/7
  1814 | D:1      | Learned a level 2 spell: Searing Ray
  1918 | D:2      | Found a shimmering blue altar of Sif Muna.
  2254 | D:2      | Became a worshipper of Sif Muna the Loreminder
  2305 | D:2      | Reached skill level 5 in Conjurations
  2518 | D:2      | Reached XP level 4. HP: 18/18 MP: 3/8
  2706 | D:2      | Noticed Jessica
  2709 | D:2      | Killed Jessica
  3693 | D:3      | Reached XP level 5. HP: 21/21 MP: 4/9
  3852 | D:3      | Reached * piety under Sif Muna
  4148 | D:3      | Found an opulent altar of Gozag.
  4756 | D:4      | Found an iron altar of Okawaru.
  4968 | D:4      | Noticed an ogre
  4974 | D:4      | Killed an ogre
  4975 | D:4      | Reached skill level 6 in Conjurations
  4981 | D:4      | Learned a level 4 spell: Fulminant Prism
  5032 | D:4      | Reached skill level 1 in Hexes
  5088 | D:4      | Gained mutation: You are covered in thick fur. (AC +2)
                  | [Felid growth]
  5088 | D:4      | Reached XP level 6. HP: 24/24 MP: 8/10
  5691 | D:4      | Reached skill level 7 in Conjurations
  6115 | D:5      | Entered Level 5 of the Dungeon
  6189 | D:5      | Noticed a sky beast
  6197 | D:5      | Killed a sky beast
  6198 | D:5      | Reached XP level 7. HP: 27/27 MP: 0/11
  6470 | D:5      | Reached skill level 5 in Hexes
  7283 | D:5      | Shot with an arrow by a centaur
  7284 | D:5      | Reached XP level 6. HP: -1/24 MP: 10/10
  7370 | D:5      | Found a hide-covered altar of Uskayaw.
  7370 | D:5      | Found a radiant altar of Vehumet.
  7385 | D:5      | Reached ** piety under Sif Muna
  7522 | D:5      | Found an ornate altar of the Wu Jian Council.
  7550 | D:5      | Shot with an arrow by a centaur
  7551 | D:5      | Reached XP level 5. HP: 0/21 MP: 9/9
  7695 | D:5      | Quit the game

Illustrated notes

Levels and vault maps discovered:
D:1:      kb_arrival_jail, layout_basic
D:2:      layout_basic, led_sif_pool, uniq_jessica
D:3:      layout_basic, grunt_gozag_breadcrumbs, lemuel_another_geyser
D:4:      layout_gridville, okawaru_metal_pillars_3
D:5:      layout_basic, old_standard_altar, gammafunk_temple_overflow_elements,
          grunt_ministairs_3

Skill      XL: |  1  2  3  4  5  6  7 |
---------------+----------------------+-----
Conjurations   | 4 5 6 7 |  7.8
Hexes          | 1 4 6 |  6.5
Dodging        | |  2.6
Stealth        | |  2.6
Spellcasting   | |  2.0

Action                   |  1- 3 |  4- 6 |  7- 9 || total
-------------------------+-------+-------+-------++-------
Melee: Unarmed           |       |     5 |       ||     5
 Cast: Magic Dart        |    91 |    71 |    18 ||   180
       Searing Ray       |     3 |    28 |    14 ||    45
  Use: Potion            |       |       |     1 ||     1
Armor: Skin              |       |     1 |       ||     1
Dodge: Dodged            |    26 |    22 |    17 ||    65

Table legend: (Time is in decaauts)
 A = Elapsed time spent in this place.
 B = Non-inter-level travel time spent in this place.
 C = Inter-level travel time spent in this place.
 D = Time resting spent in this place.
 E = Time spent auto-exploring this place.
 F = Levels seen in this place.
 G = Mean time per level.
                   A        B        C        D        E       F      G
               +--------+--------+--------+--------+--------+-----+--------+
         Total |   6881 |   6703 |    178 |   1871 |   3953 |   5 | 1376.2 |
       Dungeon |   6881 |   6703 |    178 |   1871 |   3953 |   5 | 1376.2 |
               +--------+--------+--------+--------+--------+-----+--------+

Top non-repeatable levels by time:
     D:1: 1508 daAuts
     D:2: 1406 daAuts
     D:4: 1357 daAuts
     D:3: 1347 daAuts
     D:5: 1261 daAuts
